 Dungeon Crawl Stone Soup version 0.23.0 (webtiles) character file.

Game seed: 3256247253667757357

2347 lyphon the Firebug (level 9, -4/70 HPs)
             Began as a Black Draconian Fire Elementalist on Feb 9, 2019.
             Was a Believer of Vehumet.
             Killed from afar by an oklob plant (11 damage)
             ... with a splash of acid
             ... on level 7 of the Dungeon.
             The game lasted 00:50:02 (10005 turns).

lyphon the Firebug (DrFE)                          Turns: 10005, Time: 00:50:03

Health: -4/70      AC:  5    Str: 10    XL:     9   Next: 20%
Magic:  22/33      EV: 13    Int: 19    God:    Vehumet [**....]
Gold:   108        SH:  0    Dex: 12    Spells: 5/20 levels left

rFire    . . .     SeeInvis .   K - staff of power
rCold    . . .     Gourm    .   (no shield)
rNeg     . . .     Faith    .   (armour unavailable)
rPois    .         Spirit   .   (helmet restricted)
rElec    +         Reflect  .   D - +1 cloak {+Inv}
rCorr    .         Harm     .   (no gloves)
MR       .....                  (no boots)
Stlth    ++........             (no amulet)
HPRegen  0.21/turn              (no ring)
MPRegen  0.23/turn              (no ring)

@: short of breath, corroded
A: breathe lightning, unfitting armour, electricity resistance, cold-blooded, AC
+7
a: Breathe Lightning, Renounce Religion, Evoke Invisibility


You were on level 7 of the Dungeon.
You worshipped Vehumet.
Vehumet was pleased with you.
You were not hungry.

You visited 2 branches of the dungeon, and saw 10 of its levels.

You collected 295 gold pieces.
You spent 187 gold pieces at shops.

Inventory:

Hand Weapons
 a - the +2 Maxwell's thermic engine {flame, freeze}
   (You found it on level 7 of the Dungeon)

   It has been specially enchanted to burn those struck by it, causing extra
   injury to most foes and up to half again as much damage against particularly
   susceptible opponents.
   Big, fiery blades are also staple armaments of hydra-hunters.
 b - a +0 hunting sling
 B - a +1 trident
 H - a +4 flail
Missiles
 c - 102 arrows
 g - 127 stones (quivered)
 h - 16 sling bullets
Armour
 d - a +0 cloak
 D - a +1 cloak of invisibility (worn)
Magical Staves
 E - an uncursed staff of cold
 K - an uncursed staff of power (weapon)
Jewellery
 m - a cursed amulet of inaccuracy
 I - an uncursed ring of flight {unknown}
Wands
 n - a wand of paralysis (10)
 y - a wand of polymorph (22)
Scrolls
 f - 2 scrolls of blinking {unknown}
 j - 4 scrolls of teleportation
 l - 2 scrolls of remove curse
 q - 2 scrolls of enchant weapon
 r - 3 scrolls of enchant armour
 v - 2 scrolls of random uselessness
 w - a scroll of magic mapping
 G - a scroll of summoning {unknown}
 J - a scroll of amnesia {unknown}
 M - a scroll of vulnerability {unknown}
Potions
 e - 4 potions of curing
 i - a potion of heal wounds
 k - 2 potions of resistance
 o - a potion of ambrosia {unknown}
 p - a potion of mutation {unknown}
 s - a potion of invisibility
 t - 2 potions of flight {unknown}
 u - a potion of haste
 z - 5 potions of might
 A - a potion of brilliance {unknown}
 C - 2 potions of lignification
 F - a potion of cancellation {unknown}
 L - a potion of magic {unknown}
Comestibles
 x - 7 rations


   Skills:
 + Level 3.3 Fighting
   Level 0.7 Short Blades
 - Level 0.9 Maces & Flails
 + Level 1.6 Polearms
 - Level 0.9(1.1) Slings
 + Level 0.7(1.0) Throwing
 - Level 3.0 Dodging
 + Level 2.8 Stealth
 + Level 1.1 Unarmed Combat
 + Level 6.1 Spellcasting
 + Level 6.0 Conjurations
 + Level 6.8 Fire Magic


You had 5 spell levels left.
You knew the following spells:

 Your Spells              Type           Power        Failure   Level  Hunger
a - Flame Tongue          Conj/Fire      ####.        1%          1    None
b - Throw Flame           Conj/Fire      ####..       1%          2    None
c - Conjure Flame         Conj/Fire      ####....     2%          3    ##.....
d - Sticky Flame          Conj/Fire      ####....     8%          4    ####...
e - Fireball              Conj/Fire      ####......   22%         5    #####..

Your spell library contained the following spells:

 Spells                   Type           Power        Failure   Level  Hunger
 Ignite Poison            Fire/Tmut/Pois ##......     13%         3    ##.....
 Inner Flame              Hex/Fire       ###.....     9%          3    ##.....


Dungeon Overview and Level Annotations

Branches:
Dungeon (9/15)             Temple (1/1) D:4
   Lair: D:8-11         Orc: D:9-12

Altars:
Ashenzari
Cheibriados
Dithmenos
Elyvilon
Fedhas
Hepliaklqana
Kikubaaqudgha
Makhleb
Nemelex Xobeh
Okawaru
Qazlal
Ru
Sif Muna
Trog
Uskayaw
Vehumet
Wu Jian
Xom
Yredelemnul
Zin
The Shining One

Shops:
D:4 (   D:5 *

Portals:
Abyss: D:1***

Annotations:
D:7 exclusion: oklob plant


Innate Abilities, Weirdness & Mutations

You can breathe wild blasts of lightning.
Your glossy black scales are hard. (AC +7)
You cannot fit into any form of body armour.
You are resistant to electric shocks. (rElec)
You are cold-blooded and may be slowed by cold attacks.


Message History

Casting: Throw Flame (safe; 1% risk of failure)
Confirm with . or Enter, or press ? or * to list all spells.
Aiming: Throw Flame (safe; 1% risk of failure)
Press: ? - help, Shift-Dir - straight line, f/p - oklob plant
Aim: an oklob plant (severely damaged)
The puff of flame hits the oklob plant but does no damage.
The oklob plant is severely damaged.
Casting: Throw Flame (safe; 1% risk of failure)
Confirm with . or Enter, or press ? or * to list all spells.
Aiming: Throw Flame (safe; 1% risk of failure)
Press: ? - help, Shift-Dir - straight line, f/p - oklob plant
Aim: an oklob plant (severely damaged)
The puff of flame hits the oklob plant.
The oklob plant is severely damaged.
The oklob plant spits acid at you. The splash of acid hits you!
You are splashed with acid!
* * * LOW HITPOINT WARNING * * *
The oklob plant spits acid at you. The splash of acid hits you!
You die...

#.......(.######
...............##
.#.....#######..#
.......# ##.#
...##.## #.##
...#### #..# (.##
##.# #### ..#
#.####...### ###
#@##.......#
#..'...P...#
####.......#
###...### ####


You could see an oklob plant.

Vanquished Creatures
  Sigmund (D:2)
  Eustachio (D:4)
  Duvessa (D:4)
  A sky beast (D:5)
  An orc warrior (D:7)
  A phantom (D:7)
  An ice beast (D:6)
  2 centaurs
  2 ogres
  Blork the orc (D:4)
  A scorpion (D:5)
  A water moccasin skeleton (D:5)
  Dowan (D:4)
  2 crimson imps (D:5)
  A bullfrog zombie (D:6)
  5 jellies (D:7)
  An orc priest (D:3)
  A hound (D:7)
  Crazy Yiuf (D:2)
  A centaur skeleton (D:9)
  A bullfrog skeleton (D:5)
  Ijyb (D:4)
  4 orc wizards
  An iguana (D:7)
  A worker ant (Temple)
  2 killer bee zombies
  A hound skeleton (D:6)
  Robin (D:4)
  7 gnolls
  5 adders
  4 shadow imps
  17 oozes
  An adder zombie (D:7)
  An adder skeleton (D:5)
  4 worms
  2 dart slugs
  6 leopard geckos
  32 orcs
  4 giant cockroaches
  12 hobgoblins
  12 jackals
  2 quokkas
  6 bats
  6 frilled lizards
  19 goblins
  3 kobolds (D:1)
  A leopard gecko skeleton (D:4)
  10 rats
193 creatures vanquished.

Vanquished Creatures (others)
  6 fungi (D:7)
6 creatures vanquished.

Grand Total: 199 creatures vanquished

Notes
Turn   | Place    | Note
-------+----------+-------------------------------------------
     0 | D:1      | lyphon the Draconian Fire Elementalist began the quest for
                  | the Orb.
     0 | D:1      | Reached XP level 1. HP: 14/14 MP: 3/3
   163 | D:1      | Reached XP level 2. HP: 20/20 MP: 5/5
   187 | D:1      | Learned a level 2 spell: Throw Flame
   692 | D:1      | Reached XP level 3. HP: 26/26 MP: 1/6
   697 | D:1      | Learned a level 3 spell: Conjure Flame
  1418 | D:2      | Noticed Sigmund
  1442 | D:2      | Found an iron altar of Okawaru.
  1442 | D:2      | Found a shadowy altar of Dithmenos.
  1838 | D:3      | Reached XP level 4. HP: 33/33 MP: 3/7
  2701 | D:3      | Reached XP level 5. HP: 39/39 MP: 3/9
  2983 | D:3      | Found a glowing golden altar of the Shining One.
  2983 | D:3      | Found a shattered altar of Ashenzari.
  3386 | D:3      | Reached skill level 1 in Fighting
  3959 | D:4      | Found Zomelo's Weapon Shoppe.
  3965 | D:4      | Bought a +0 hunting sling for 18 gold pieces
  3976 | D:4      | Found a burning altar of Makhleb.
  4009 | D:4      | Noticed Eustachio
  4026 | D:4      | Found a staircase to the Ecumenical Temple.
  4085 | D:4      | Killed Eustachio
  4085 | D:4      | Reached XP level 6. HP: 29/47 MP: 6/11
  4166 | D:4      | Noticed Robin
  4219 | Temple   | Entered the Ecumenical Temple
  4227 | Temple   | Reached skill level 1 in Polearms
  4557 | Temple   | Became a worshipper of Vehumet
  4588 | D:4      | Killed Robin
  4867 | D:2      | Killed Sigmund
  4867 | D:2      | Reached skill level 1 in Unarmed Combat
  4867 | D:2      | Your scales start taking on a glossy black colour.
  4867 | D:2      | Reached XP level 7. HP: 38/52 MP: 6/12
  4867 | D:2      | Gained mutation: You are resistant to electric shocks.
                  | (rElec) [Black Draconian growth]
  4906 | D:2      | Found a runed translucent door.
  4907 | D:2      | Noticed Crazy Yiuf
  5017 | D:2      | Found a faded altar of an unknown god.
  5127 | D:2      | Killed Crazy Yiuf
  5265 | D:4      | Learned a level 4 spell: Sticky Flame
  5487 | D:4      | Noticed Dowan
  5555 | D:4      | Noticed Ijyb
  5594 | D:4      | Killed Ijyb
  5658 | D:4      | Noticed Blork the orc
  5694 | D:4      | Killed Blork the orc
  5974 | D:4      | Killed Dowan
  6006 | D:4      | Noticed Duvessa
  6030 | D:4      | Killed Duvessa
  6030 | D:4      | Reached skill level 5 in Fire Magic
  6246 | D:5      | Entered Level 5 of the Dungeon
  6509 | D:5      | Reached * piety under Vehumet
  6509 | D:5      | Offered knowledge of Magic Dart by Vehumet.
  6764 | D:5      | Reached XP level 8. HP: 61/61 MP: 11/14
  6905 | D:5      | Found Nuwaur's General Store.
  6911 | D:5      | Bought a potion of curing for 39 gold pieces
  6911 | D:5      | Bought a ration for 65 gold pieces
  6911 | D:5      | Bought a ration for 65 gold pieces
  7321 | D:6      | Learned a level 5 spell: Fireball
  7354 | D:6      | You fall through a shaft for 3 floors!
  7407 | D:9      | Reached skill level 5 in Spellcasting
  7583 | D:7      | Offered knowledge of Searing Ray by Vehumet.
  7590 | D:7      | Reached ** piety under Vehumet
  7593 | D:7      | Reached skill level 5 in Conjurations
  7924 | D:7      | Found the +2 Maxwell's thermic engine {flame, freeze}
  8817 | D:7      | Reached XP level 9. HP: 70/70 MP: 17/17
  9167 | D:7      | Noticed an oklob plant
  9232 | D:7      | Offered knowledge of Ignite Poison by Vehumet.
  9665 | D:7      | HP: 1/70 [acid (15)]
 10005 | D:7      | Killed from afar by an oklob plant

Skill      XL: |  1  2  3  4  5  6  7  8  9 |
---------------+----------------------------+-----
Fire Magic     | 4 5 6 |  6.8
Dodging        | 2 3 |  3.0
Stealth        | 2 |  2.8
Conjurations   | 2 3 4 5 6 |  6.0
Fighting       | 1 2 3 |  3.3
Spellcasting   | 3 4 5 6 |  6.1
Polearms       | 1 |  1.6
Unarmed Combat | 1 |  1.1
Short Blades   | |  0.7
Maces & Flails | |  0.9
Slings         | |  0.9
Throwing       | |  0.7

Action                   |  1- 3 |  4- 6 |  7- 9 || total
-------------------------+-------+-------+-------++-------
Melee: Short sword       |    45 |       |       ||    45
       Tailslap          |     6 |     4 |     2 ||    12
       Dagger            |       |    19 |       ||    19
       Unarmed           |       |    11 |    23 ||    34
       Trident           |       |    18 |    30 ||    48
       Hunting sling     |       |       |     1 ||     1
       Flail             |       |       |     6 ||     6
 Fire: Hunting sling     |       |     8 |     7 ||    15
Throw: Stone             |    30 |    17 |       ||    47
 Cast: Flame Tongue      |    68 |   135 |   240 ||   443
       Conjure Flame     |     2 |     9 |     3 ||    14
       Throw Flame       |       |       |    27 ||    27
       Fireball          |       |       |     9 ||     9
       Sticky Flame      |       |       |     2 ||     2
 Abil: Breathe Lightning |       |       |    11 ||    11
  Use: Scroll            |       |     3 |    11 ||    14
       Potion            |       |     1 |     1 ||     2
  Eat: Chunk             |     2 |     4 |     4 ||    10
       Ration            |     1 |     2 |     5 ||     8
Armor: Skin              |    39 |    51 |    54 ||   144
Dodge: Dodged            |    64 |   137 |   165 ||   366
